[Event "XVI Memorial Lezcano Montalvo 2024"]
[Site "Gran Canaria"]
[Date "2024.03.23"]
[Round "1.41"]
[White "Segura Marsa, Andres"]
[Black "Almeida Afonso, Dolores Francisca"]
[Result "1-0"]
[ECO "A25"]
[WhiteElo "1987"]
[BlackElo "1572"]
[Annotator "RC"]
[PlyCount "72"]
[EventDate "2024.03.23"]
[EventType "swiss"]
[EventCountry "ESP"]
[SourceTitle "playchess.com"]
[Source "ChessBase"]
[SourceQuality "1"]
[TimeControl "5400+30"]

1. c4 e5 2. Nc3 Nf6 3. g3 Bc5 4. Bg2 O-O 5. e3 d6 6. Nge2 Nc6 7. O-O Bf5 8. d3 Rb8 9. Na4 Qd7 10. a3 a5 11. Nec3 Ne7 12. d4 Ba7 13. Nb5 Nc8 14. b4 b6 15. Bb2 Re8 16. Nac3 c6 17. Nxa7 Nxa7 18. dxe5 dxe5 19. Qxd7 Nxd7 20. Rfd1 Rbd8 21. Ne4 Bxe4 22. Bxe4 f6 23. Rd6 Nb8 24. Rad1 Rxd6 25. Rxd6 Nc8 26. Rd1 Kf7 27. bxa5 bxa5 28. Bc3 a4 29. Ba5 Ke6 30. Bc2 Nd6 31. Bxa4 Rc8 32. Rb1 Nd7 33. Be1 Nxc4 34. Bb3 Ndb6 35. Ba5 Rb8 36. Bxb6 Kd5 1-0

[Event "XVI Memorial Lezcano Montalvo 2024"]
[Site "Gran Canaria"]
[Date "2024.03.23"]
[Round "1.42"]
[White "Arana Martin, Ivan"]
[Black "Sosa Suarez, Carla Cristina"]
[Result "0-1"]
[ECO "C01"]
[WhiteElo "1570"]
[BlackElo "1980"]
[Annotator "RC"]
[PlyCount "48"]
[EventDate "2024.03.23"]
[EventType "swiss"]
[EventCountry "ESP"]
[SourceTitle "playchess.com"]
[Source "ChessBase"]
[SourceQuality "1"]
[TimeControl "5400+30"]

1. e4 e6 2. d4 d5 3. Nc3 Be7 4. exd5 exd5 5. Nf3 Nf6 6. Bd3 O-O 7. O-O Bg4 8. Bf4 c6 9. Be2 Nbd7 10. Ne5 Bxe2 11. Qxe2 Re8 12. Rfe1 Bb4 13. Qd3 Nxe5 14. Rxe5 Bd6 15. Rxe8+ Nxe8 16. Bxd6 Nxd6 17. Re1 Qf6 18. h3 h6 19. Re3 Nc4 20. Rf3 Nxb2 21. Rxf6 Nxd3 22. Rf3 Ne1 23. Rf4 Nxc2 24. Na4 b6 0-1

[Event "XVI Memorial Lezcano Montalvo 2024"]
[Site "Gran Canaria"]
[Date "2024.03.24"]
[Round "2.1"]
[White "Lopez Pereyra, Antonio"]
[Black "Dvirnyy, Danyyil"]
[Result "0-1"]
[ECO "C77"]
[WhiteElo "2069"]
[BlackElo "2482"]
[Annotator "RC"]
[PlyCount "66"]
[EventDate "2024.03.23"]
[EventType "swiss"]
[EventCountry "ESP"]
[SourceTitle "playchess.com"]
[Source "ChessBase"]
[SourceQuality "1"]
[TimeControl "5400+30"]

1. e4 e5 2. Nf3 Nc6 3. Bb5 a6 4. Ba4 Nf6 5. Qe2 b5 6. Bb3 Bc5 7. a4 Rb8 8. axb5 axb5 9. Nc3 O-O 10. O-O d6 11. Nd5 Bg4 12. c3 Nxd5 13. Bxd5 Ne7 14. d4 exd4 15. cxd4 Bxd4 16. Qd3 Bf6 17. Nd4 Bd7 18. Ra7 c5 19. Nf5 Bxf5 20. exf5 c4 21. Qe4 Nxd5 22. Qxd5 Be5 23. Be3 Bxb2 24. Rb1 Qf6 25. g4 Qe5 26. Qd2 Bc3 27. Qd1 Qe4 28. Rc1 Be5 29. h3 Ra8 30. Re7 Rfe8 31. Rxe8+ Rxe8 32. Qd2 Qf3 33. Qc2 Qxh3 0-1

[Event "XVI Memorial Lezcano Montalvo 2024"]
[Site "Gran Canaria"]
[Date "2024.03.24"]
[Round "2.2"]
[White "Kovchan, Alexander"]
[Black "Perez Bolanos, Joel"]
[Result "1-0"]
[ECO "C63"]
[WhiteElo "2477"]
[BlackElo "2046"]
[Annotator "TA"]
[PlyCount "49"]
[EventDate "2024.03.23"]
[EventType "swiss"]
[EventCountry "ESP"]
[SourceTitle "playchess.com"]
[Source "ChessBase"]
[SourceQuality "1"]
[TimeControl "5400+30"]

1. e4 e5 2. Nf3 Nc6 3. Bb5 f5 4. Nc3 fxe4 5. Nxe4 Nf6 6. Qe2 d5 7. Nxf6+ gxf6 8. d4 e4 9. Nh4 {[%emt 0:00:38] And now Qh5+ would win.} Be6 10. O-O Qd7 {[%emt 0:04:34] White is slightly better.} 11. f3 $1 O-O-O 12. fxe4 {[%emt 0:00:35] [#] c4 would now be deadly.} dxe4 13. c3 Rg8 14. Be3 (14. Rxf6 $6 Be7 15. Rf4 Rde8 $11) (14. Qxe4 $16 Bd6 15. Qc2 (15. Rxf6 Bd5 $11)) 14... Rg4 (14... Kb8 $11) 15. Qf2 $16 Be7 {[%emt 0:07:43] [#]} (15... Rg8 $14) 16. Be2 (16. Rad1 $1 $18 {[%cal Od4d5] d5! is the strong threat.} Qe8 17. d5 Rxd5 18. Rxd5 Bxd5 19. h3 (19. Bxa7 e3 $11) 19... Rxh4 20. Qxh4) 16... Rg7 17. Nf5 Bxf5 18. Qxf5 Rdg8 19. g3 (19. Qxe4 Rxg2+ 20. Qxg2 Rxg2+ 21. Kxg2 Bd6 $11) 19... Bd6 (19... Rxg3+ $142 20. hxg3 Rxg3+ 21. Kh1 Qxf5 22. Rxf5 Rxe3) 20. Qxd7+ $18 (20. Qxe4 f5 21. Qc2 (21. Qxf5 Rxg3+ 22. hxg3 Rxg3+ 23. Kh1 Rh3+ 24. Kg2 Rg3+ 25. Kh1 Rh3+ 26. Kg1 Rg3+ 27. Kh1 $11) (21. Rxf5 $2 {is the wrong capture.} Re8 $19) 21... Bxg3 22. hxg3 Rxg3+ 23. Kf2 Qe6 $11) (20. Qxf6 Bxg3 21. hxg3 Rxg3+ 22. Kf2 Qh3 $16) 20... Kxd7 21. Rxf6 Ke7 22. Rh6 Bxg3 (22... Nd8 $142 23. Rf1 Kd7) 23. hxg3 {[%emt 0:00:16] White is clearly winning.} Rxg3+ 24. Kf2 Rg2+ 25. Ke1 {[%emt 0:00:30] Weighted Error Value: White=0.17 (very precise) /Black=0.47.  Mistake:       	White=2     	Black=4      Inaccurate:     	---       	Black=2      OK:         	White=8     	Black=4      Best:        	White=3     	---        Strong:       	White=1     	---} 1-0

[Event "XVI Memorial Lezcano Montalvo 2024"]
[Site "Gran Canaria"]
[Date "2024.03.24"]
[Round "2.3"]
[White "Perez Bolanos, David"]
[Black "Kurajica, Bojan"]
[Result "0-1"]
[ECO "E47"]
[WhiteElo "2053"]
[BlackElo "2444"]
[Annotator "TA"]
[PlyCount "60"]
[EventDate "2024.03.23"]
[EventType "swiss"]
[EventCountry "ESP"]
[SourceTitle "playchess.com"]
[Source "ChessBase"]
[SourceQuality "1"]
[TimeControl "5400+30"]

1. d4 Nf6 2. c4 e6 3. Nc3 Bb4 4. e3 d6 5. Bd3 e5 6. Nge2 c6 7. O-O O-O 8. Bc2 Nbd7 9. Qd3 Re8 10. Ng3 {[%emt 0:01:15] White is slightly better.} Nf8 11. Rd1 Ng6 12. a3 Ba5 13. b4 Bc7 14. d5 cxd5 15. cxd5 a5 16. Bb2 Ng4 17. Nb5 Bb8 18. bxa5 (18. h3 $16 Nf6 19. Qb3) 18... Rxa5 (18... Qh4 $11 19. h3 Nxf2 20. Kxf2 f5) 19. Bc3 $16 Ra6 20. a4 Qh4 (20... Qg5 $14 {should be considered.}) 21. h3 Nh6 22. a5 Bd7 23. Ra4 Qe7 24. Kh2 f5 25. f4 $2 {[%emt 0:01:44] [#]} (25. Rb1 $16) 25... Ng4+ $1 26. hxg4 Qh4+ 27. Kg1 Qxg3 28. Be1 (28. gxf5 $2 {perishes.} Nh4 29. Qf1 Bxb5 $19 (29... Nxf5 30. Bxf5 Qxe3+ 31. Kh2 $15) (29... Qxe3+ 30. Kh2 $17)) 28... Qxg4 {[%emt 0:00:16][%cal Re5f4] Black is more active.} 29. Rd2 $2 {[%emt 0:00:26][%mdl 8192] [#]} (29. fxe5 $17 {nothing else works.} Nxe5 30. Rxg4 Nxd3 31. Rxg7+ Kxg7 32. Bxd3) 29... exf4 $19 30. Bd1 Qg5 {[%emt 0:00:08] Weighted Error Value: White=0.54/Black=0.16 (very precise) .  Loses game:     	White=1     	---        Mistake:       	White=2     	Black=2      Inaccurate:     	White=3     	Black=3      OK:         	White=4     	Black=8      Best:        	White=4     	Black=2} 0-1

[Event "XVI Memorial Lezcano Montalvo 2024"]
[Site "Gran Canaria"]
[Date "2024.03.24"]
[Round "2.4"]
[White "Omelja, Artem"]
[Black "Mendez Acosta, Alexander Jesus"]
[Result "1/2-1/2"]
[ECO "D46"]
[WhiteElo "2438"]
[BlackElo "2025"]
[Annotator "TA"]
[PlyCount "154"]
[EventDate "2024.03.23"]
[EventType "swiss"]
[EventCountry "ESP"]
[SourceTitle "playchess.com"]
[Source "ChessBase"]
[SourceQuality "1"]
[TimeControl "5400+30"]

1. d4 d5 2. c4 e6 3. Nc3 c6 4. e3 Nf6 5. Nf3 Bd6 6. Bd3 Nbd7 7. e4 dxe4 8. Nxe4 Nxe4 9. Bxe4 e5 10. O-O exd4 11. Qxd4 Qf6 12. Be3 O-O 13. Rad1 Bc7 14. Qd3 h6 15. Bd4 Ne5 16. Qc3 Nxf3+ 17. Bxf3 Qg5 18. Rfe1 Bg4 19. Bxg4 Qxg4 20. h3 Qg5 21. Re4 f5 22. Re6 Rad8 23. Rde1 Qf4 24. Be5 (24. Bxa7 $2 {loses.} Qh2+ 25. Kf1 Bf4 $19 (25... Qh1+ 26. Ke2 $17)) 24... Bxe5 25. R6xe5 Rd2 26. R5e2 Rfd8 27. g3 Qd4 28. Re8+ Rxe8 29. Rxe8+ Kf7 30. Qxd4 Rxd4 31. Rb8 Rd7 32. Kf1 Re7 33. b3 c5 34. Kg2 g6 35. Kf3 Kg7 36. h4 Kf7 37. Rh8 Kg7 38. Rc8 b6 39. Rc6 h5 $2 (39... Rd7 $1 $11 {and Black has nothing to worry.}) 40. a4 $1 $18 Re1 {[%emt 0:07:45] [#]} 41. a5 $1 bxa5 42. Rxc5 Rb1 43. Rxa5 Rxb3+ 44. Kf4 Rb7 45. Kg5 Rc7 46. f4 Kh7 $2 (46... Kf7 47. Kh6 Rxc4) 47. Ra6 $18 Rg7 48. Rc6 a5 49. Ra6 Rc7 50. Rxa5 ({Not} 50. Rxg6 Rxc4 51. Kxh5 Rc3 $11) 50... Rxc4 51. Ra7+ Kg8 52. Kxg6 Rc6+ 53. Kxh5 Rc3 54. Ra6 $2 (54. g4) 54... Kf7 55. Rg6 Ra3 56. Kh6 Rb3 57. h5 Ra3 58. Rg7+ Kf6 59. Kh7 Ra8 $2 (59... Rd3 $16 60. Rg6+ Kf7) 60. h6 $2 (60. Rg6+ $18 {is the precise move to win.} Kf7 61. Rg5) 60... Rf8 $2 (60... Ra1 $16) 61. Rg8 Rf7+ {[%emt 0:00:23] [#]} 62. Kh8 $1 Ra7 63. Rf8+ $2 ({White must play} 63. h7 $18) 63... Kg6 $11 64. Kg8 Re7 65. Rb8 Kxh6 66. Rb6+ Kh5 67. Rf6 Kg4 68. Rg6+ Kf3 69. Rg5 Ra7 70. Rxf5 Kxg3 71. Rf8 Kg4 72. f5 Kg5 73. f6 Kg6 74. f7 Rb7 75. Ra8 Rxf7 76. Ra6+ Rf6 77. Rxf6+ Kxf6 1/2-1/2

[Event "XVI Memorial Lezcano Montalvo 2024"]
[Site "Gran Canaria"]
[Date "2024.03.24"]
[Round "2.5"]
[White "Lizzul Coppe, Mirko"]
[Black "Strikovic, Aleksa"]
[Result "0-1"]
[ECO "B28"]
[WhiteElo "2027"]
[BlackElo "2430"]
[Annotator "TA"]
[PlyCount "102"]
[EventDate "2024.03.23"]
[EventType "swiss"]
[EventCountry "ESP"]
[SourceTitle "playchess.com"]
[Source "ChessBase"]
[SourceQuality "1"]
[TimeControl "5400+30"]

1. e4 c5 2. Nf3 a6 3. c3 Nf6 4. e5 Nd5 5. d4 cxd4 6. cxd4 Nc6 7. Bc4 Nb6 {[%emt 0:03:59] [#]} 8. Bxf7+ Kxf7 {[%emt 0:00:46] White is better.} 9. Ng5+ $1 Kg8 {[%emt 0:02:36] [#] And now ...d5 would win.} 10. Qf3 (10. Qh5 $1 $16 g6 (10... Nxd4 11. Qf7#) 11. Qf3) 10... Qe8 $11 11. Qb3+ e6 $1 12. Qxb6 Nb4 13. Na3 {[%emt 0:03:10] Prevents Nc2+} h6 14. Nf3 Nd5 15. Qb3 b5 {[%emt 0:00:04] Dodges Nc4} 16. O-O Bb7 17. Bd2 Be7 18. Nc2 Qg6 19. Nfe1 Rf8 (19... Kh7 $11) 20. Qg3 Qh5 21. f4 Bh4 {[%emt 0:21:58] [#]} (21... Kh7 $11 {keeps the balance.}) 22. Qf3 (22. Qh3 $1 $16) 22... Qg6 (22... Qxf3 $1 $11 23. Nxf3 (23. Rxf3 Rc8 $11) 23... Bd8) 23. Qd3 $14 Rf5 24. Nf3 (24. Rc1 $16) 24... Be7 $11 25. Kf2 (25. Rf2 $11) 25... Kh7 (25... Qh5 $15) 26. g3 Qh5 27. h4 Rhf8 {[%emt 0:01:46][%mdl 1024] Black has compensation.} 28. Rg1 Qg4 29. Nh2 ({White should play} 29. Nce1 $11) 29... Qh3 $15 30. Nf3 Kg8 $36 {[%emt 0:00:32][%cal Oe7h4][%mdl 2048] Keeping White busy.} 31. Nce1 Qg4 {[%emt 0:07:07] Black has more active pieces.} (31... d6 $17 {Strongly threatening ...dxe5.} 32. Qf1 Qg4) 32. Ng2 d6 (32... Bd8 $15) 33. Nh2 $2 {[%emt 0:00:38][%mdl 8192] Black converts the advantage convincingly.} (33. Qe2 $11) 33... Qh3 $19 34. Nf3 dxe5 35. Nxe5 {[%emt 0:00:26] [#]} Rxe5 36. dxe5 Bc5+ 37. Be3 Nxe3 38. Nxe3 Qh2+ $2 (38... Rxf4+ 39. Ke1 Rd4 40. Qxd4 Bxd4) 39. Kf1 Qxb2 40. Rd1 Qxe5 41. Ke2 (41. Re1 {is a better chance.}) 41... Qh5+ 42. Kd2 Rc8 (42... Qf3 $2 43. Nc2 $19) 43. Nc2 {[%emt 0:00:32] Wards off Bb4+} Bxg1 44. Rxg1 Qc5 {[%emt 0:00:11] aiming for ...Qf2+.} 45. Re1 Bd5 46. a3 a5 47. Re5 b4 48. axb4 axb4 {[%emt 0:00:01] White must now prevent ...Qf2+.} 49. f5 b3 50. Ne3 Qc1+ 51. Ke2 Qb2+ {[%emt 0:07:35] Weighted Error Value: White=0.90/Black=0.25 (precise) .  Loses game:     	White=1     	---        Mistake:       	White=6     	Black=6      Inaccurate:     	White=7     	Black=1      OK:         	White=18    	Black=11     Best:        	---       	Black=5      Strong:       	White=1     	Black=1      Brilliant:      	---       	Black=1} 0-1

[Event "XVI Memorial Lezcano Montalvo 2024"]
[Site "Gran Canaria"]
[Date "2024.03.24"]
[Round "2.6"]
[White "Yankelevich, Lev"]
[Black "Bergero, Simone"]
[Result "1-0"]
[ECO "E01"]
[WhiteElo "2412"]
[BlackElo "2022"]
[Annotator "TA"]
[PlyCount "63"]
[EventDate "2024.03.23"]
[EventType "swiss"]
[EventCountry "ESP"]
[SourceTitle "playchess.com"]
[Source "ChessBase"]
[SourceQuality "1"]
[TimeControl "5400+30"]

1. Nf3 Nf6 2. c4 e6 3. g3 d5 4. Bg2 Nbd7 5. d4 Bb4+ 6. Nbd2 O-O 7. O-O c6 8. Qc2 Re8 9. Rd1 {[%emt 0:03:32] White is slightly better.} Qe7 10. e4 e5 11. cxd5 cxd5 12. exd5 Nxd5 (12... e4 $14 13. Re1 Nb6) 13. a3 ({Better is} 13. dxe5 {Hoping for Nf1.} Nxe5 14. Nxe5 Qxe5 15. Nf3 (15. Nc4 Qe1+ 16. Bf1 Qe6 $14)) 13... e4 (13... Bxd2 $16 14. Nxd2 N5f6) 14. Nxe4 $18 Qxe4 15. Qxe4 Rxe4 16. Ng5 (16. Ne5 $18 {and White stays clearly on top.} Re2 (16... Nxe5 $2 17. Bxe4 Be7 18. dxe5 $18) 17. Bxd5 Nxe5 18. axb4) 16... Nc3 {[%emt 0:04:35][%mdl 8192] [#] This move loses the game for Black.} 17. Nxe4 (17. Bxe4 Nxe4 18. Nxe4 (18. axb4 Nef6 $18) 18... Bf8 $18) 17... Nxd1 18. axb4 Nb6 19. Nd6 {[%emt 0:06:14][%cal Be4d6,Bd6b7,Bb7c5][%mdl 32] Repels Bf5} Bg4 {[%emt 0:01:48] Black is weak on the dark squares} 20. h3 ({But not} 20. Nxb7 Re8 21. Bf1 (21. Rxa7 {leads to mate.} Re1+ 22. Bf1 Bh3) 21... Re1 $18) (20. Bxb7 Rd8 $18) 20... Be2 21. Nxb7 ({Much less strong is} 21. Bxb7 Rd8 $18) 21... Rc8 22. d5 Rc2 23. d6 a6 24. Nc5 Bb5 25. Nxa6 h5 26. Nc5 h4 27. gxh4 Nxb2 28. Bf1 N2c4 29. Bd3 Rc3 30. Bb2 Nxb2 {[%emt 0:00:55] [#]} (30... Rxd3 31. Nxd3 Nxd6) 31. Bxb5 N2c4 32. d7 {[%emt 0:00:21] Weighted Error Value: White=0.32/Black=0.74.  Loses game:     	---       	Black=1      Mistake:       	White=2     	Black=3      Inaccurate:     	---       	Black=2      OK:         	White=10    	Black=6      Best:        	White=1     	Black=1} 1-0

[Event "XVI Memorial Lezcano Montalvo 2024"]
[Site "Gran Canaria"]
[Date "2024.03.24"]
[Round "2.7"]
[White "Sarmiento Afonso, Santiago"]
[Black "Fiorito, Joaquin"]
[Result "0-1"]
[ECO "A06"]
[WhiteElo "2023"]
[BlackElo "2409"]
[Annotator "TA"]
[PlyCount "63"]
[EventDate "2024.03.23"]
[EventType "swiss"]
[EventCountry "ESP"]
[SourceTitle "playchess.com"]
[Source "ChessBase"]
[SourceQuality "1"]
[TimeControl "5400+30"]

1. b3 d5 2. Bb2 Bf5 3. e3 e6 4. Nf3 Nf6 5. h3 h6 6. d4 a5 7. a3 Bd6 8. c4 {[%emt 0:00:39] The position is equal.} c6 9. Nc3 O-O 10. Bd3 Ne4 11. Bxe4 Bxe4 12. Nxe4 dxe4 13. Nd2 f5 14. Qc2 Qe7 15. O-O (15. c5 $5 Bc7 $8 16. O-O-O $11) 15... Nd7 16. f4 (16. b4 $11) 16... Nf6 {[%emt 0:00:44] Black converts the advantage convincingly.} 17. Rf2 g5 {[%emt 0:03:30] Black is more active.} 18. g3 (18. Nf1 $17) 18... gxf4 $19 19. gxf4 Kh7 20. Kh1 (20. Kh2 $142) 20... Rg8 {[%emt 0:00:45] ...Rg3 is the strong threat.} 21. Nf1 Nh5 22. c5 Bc7 {[%emt 0:01:10] [#] And now ...Qh4 would win.} 23. d5 (23. Rg2 $142) 23... cxd5 24. c6 bxc6 25. Qxc6 Rac8 {[%emt 0:00:14][%cal Oc7f4] Strongly threatening ...Bxf4!} 26. Qb7 Rb8 27. Qa7 Bd6 $40 {[%emt 0:01:18][%mdl 128] Black goes for the king.} ({Weaker is} 27... Rxb3 28. Rc1 Bd6 29. Qxe7+ Bxe7 30. Rc7 $11) (27... Rbd8 $142 {aiming for ...Rd7.} 28. Ra2 Rd7) 28. Qd4 $2 (28. Qxe7+ Bxe7 29. b4) 28... Ng3+ (28... Rxb3 $142 29. Rc1 Bxf4 (29... Bxa3 $2 30. Bxa3 Rxa3 31. Kh2 $19)) 29. Nxg3 Rxg3 30. Rh2 $2 (30. Rg1 Rxh3+ 31. Kg2) 30... Rbg8 (30... Rxb3 $2 {loses.} 31. Qh8+ Kg6 32. Qg8+ Kh5 33. Qxg3 $18) 31. Rc1 {[%emt 0:00:50] [#] Prevents Bc5} Bc5 $1 32. Qd3 {[%emt 0:03:04] Weighted Error Value: White=0.98/Black=0.51.  Mistake:       	White=6     	Black=1      Inaccurate:     	White=4     	Black=2      OK:         	White=5     	Black=10     Best:        	White=1     	Black=3} (32. Qd1 Bxe3) 0-1

[Event "XVI Memorial Lezcano Montalvo 2024"]
[Site "Gran Canaria"]
[Date "2024.03.24"]
[Round "2.8"]
[White "Tutisani, Noe"]
[Black "Cruz Pino, Adrian"]
[Result "1-0"]
[ECO "C18"]
[WhiteElo "2405"]
[BlackElo "2015"]
[Annotator "TA"]
[PlyCount "101"]
[EventDate "2024.03.23"]
[EventType "swiss"]
[EventCountry "ESP"]
[SourceTitle "playchess.com"]
[Source "ChessBase"]
[SourceQuality "1"]
[TimeControl "5400+30"]

1. e4 e6 2. d4 d5 3. Nc3 Bb4 4. e5 Ne7 5. a3 Bxc3+ 6. bxc3 c5 7. h4 Nbc6 8. h5 h6 9. Nf3 Bd7 10. Be2 Qc7 11. Rh3 O-O-O 12. Kf1 c4 13. a4 {[%emt 0:04:08] The position is equal.} f6 14. Ba3 Rde8 (14... Be8 $11) 15. Bd6 $16 Qa5 16. Nh4 Rhg8 17. Rg3 fxe5 18. dxe5 Nd8 19. Bb4 {[%emt 0:32:45] White has more active pieces.} Qc7 20. Bd6 Qa5 21. Qc1 $36 {[%emt 0:03:55][%mdl 2048] White is pushing.} Nf5 (21... Nf7 $14) 22. Nxf5 $18 exf5 23. f4 Ne6 24. Bb4 ({White should try} 24. Qd2 $18) 24... Qb6 (24... Qd8 $16) 25. a5 (25. Rg6 $18) 25... Qb5 (25... Qd8 $16) 26. Rb1 Nc5 27. Bxc5 Qxc5 28. Qb2 Bc6 29. Rg6 Re7 30. Bf3 Rd8 31. Qb4 Qxb4 32. Rxb4 (32. cxb4 Be8) 32... Rc7 33. Kf2 Be8 {[%emt 0:03:16] [#]} 34. Rg3 Rdd7 35. Ke3 (35. Rb5 $142) 35... Rc5 $16 36. Ra4 Re7 ({Black should play} 36... Rb5) 37. Ra1 Rb5 38. Kd4 Kc7 39. Rh3 (39. Bxd5 $2 Rd7 (39... Bxh5 $2 40. Ra4 $18) 40. Kxc4 Rbxd5 $19 (40... Rdxd5 $2 41. Rxg7+ Rd7 42. Rxd7+ Bxd7 43. a6 $19) (40... Rdxd5 $2 41. Rxg7+ Rd7 42. Rxd7+ Bxd7 43. a6 $19)) 39... a6 (39... Rb2 $16) 40. Rhh1 $18 (40. Bxd5 $2 Rd7 41. Kxc4 Rdxd5 $19) 40... b6 (40... Rb2 $142 41. Bxd5 (41. Kxd5 Bc6+ 42. Kxc4 Bxf3 $18) 41... Rxc2 42. Kxc4 Rf2) 41. axb6+ (41. Bxd5 $2 Rd7 42. axb6+ Kxb6 $19) 41... Kxb6 42. Rhb1 (42. Bxd5 $2 Rd7 43. Ke3 Rbxd5 $19 (43... Rdxd5 $2 44. Raf1 $19)) 42... Bc6 43. Rxb5+ (43. g4 fxg4 44. Rxb5+ (44. Bxg4 Rf7 $18) 44... Bxb5 45. Bxg4 (45. Bxd5 Be8 $18) 45... Rf7) 43... axb5 {[%emt 0:00:03][%mdl 4096] Endgame. KRB-KRB} (43... Bxb5 {was called for.} 44. Bxd5 (44. Kxd5 Rd7+ 45. Ke6 a5 $18) 44... Ra7) 44. g4 (44. Bxd5 $2 Rd7 45. Ke3 Bxd5 $19 (45... Rxd5 $2 46. Rg1 $19)) 44... fxg4 45. Bxg4 (45. Bxd5 $2 Rd7 46. Rg1 Rxd5+ $19 (46... Bxd5 $2 47. f5 $19)) 45... Re8 46. f5 Re7 47. Bh3 Be8 48. Bg4 (48. Kxd5 Bc6+ 49. Kd6 Rd7+ 50. Ke6 Rd2 $18) 48... Bc6 $1 49. e6 {[%emt 0:00:54] White is clearly winning.} Bb7 50. Bf3 Re8 51. Rg1 {[%emt 0:00:04] Weighted Error Value: White=0.32/Black=0.37.  Mistake:       	White=3     	Black=8      Inaccurate:     	White=1     	Black=3      OK:         	White=19    	Black=11     Best:        	White=3     	Black=2} (51. Bxd5 $2 {is the wrong capture.} Rd8 52. Ke4 Rxd5 $19 (52... Bxd5+ 53. Ke5 $17)) 1-0

[Event "XVI Memorial Lezcano Montalvo 2024"]
[Site "Gran Canaria"]
[Date "2024.03.24"]
[Round "2.9"]
[White "Fernandez Manrique, Agustin"]
[Black "Lianes Garcia, Marcos"]
[Result "0-1"]
[ECO "D05"]
[WhiteElo "2017"]
[BlackElo "2398"]
[Annotator "TA"]
[PlyCount "84"]
[EventDate "2024.03.23"]
[EventType "swiss"]
[EventCountry "ESP"]
[SourceTitle "playchess.com"]
[Source "ChessBase"]
[SourceQuality "1"]
[TimeControl "5400+30"]

1. d4 d5 2. Nf3 e6 3. e3 Nf6 4. Bd3 b6 5. O-O Bb7 6. a4 a6 7. Ne5 Bd6 8. f4 {[%emt 0:03:05] The position is equal.} O-O 9. Rf3 Ne4 10. Rh3 g6 {[%emt 0:05:04] Against Qh5} 11. Nd2 Nd7 12. Ndf3 f6 (12... Nxe5 $15 13. fxe5 Be7) 13. Ng4 $1 $11 Qe7 14. Nh6+ Kg7 {[%emt 0:00:26][%cal Ob6b5] [#]} 15. Nh4 f5 $15 ({Inferior is} 15... Kxh6 16. Nf5#) 16. Nf3 Ndf6 {[%emt 0:00:24] aiming for ...Ng4.} 17. Bxe4 Nxe4 (17... dxe4 $17 18. Nh4 c5 (18... Kxh6 19. Nxf5#)) 18. Bd2 a5 19. Be1 Qd8 (19... Kh8 {simplifies} 20. Nd2 g5 21. Nxe4 fxe4 22. fxg5 Qxg5 23. Qh5 Qxh5 24. Rxh5 Ba6) 20. Bh4 Be7 (20... Qd7 $5) 21. Bxe7 Qxe7 22. Ne5 c5 23. Ra3 c4 24. c3 Rac8 25. g4 Bc6 26. Qe1 Be8 27. g5 Rb8 28. Qh4 $1 {[%emt 0:00:46][%cal Oh6f5] [#] Intending Nxf5+! and mate.} Rh8 {[%emt 0:00:19] Active counter play!} 29. Ra2 ({White should play} 29. Qe1 $11) 29... b5 (29... Qb7 $15 {might be stronger.}) 30. Nhf7 $2 {[%emt 0:00:55][%mdl 8192] Now White is beyond hope.} Bxf7 $19 31. Qh6+ Kg8 {[%emt 0:00:06] Black is clearly winning.} 32. Nc6 Qc7 33. Nxb8 Qxb8 34. axb5 {[%emt 0:00:54] White is weak on the light squares} Qxb5 35. Rf3 Be8 {[%emt 0:00:53][%cal Oe4c3] White must now prevent ...Nxc3!} 36. Rf1 a4 37. Qh3 Qb3 38. Rfa1 Bc6 39. Qg2 Kg7 40. Ra3 Qb7 41. h4 h6 {[%emt 0:00:32] Hoping for ...hxg5.} 42. h5 hxg5 {[%emt 0:00:09] Weighted Error Value: White=0.46/Black=0.14 (very precise) .  Loses game:     	White=1     	---        Mistake:       	White=2     	Black=3      Inaccurate:     	White=6     	Black=2      OK:         	White=11    	Black=8      Best:        	White=2     	Black=5      Strong:       	White=2     	---} 0-1

[Event "XVI Memorial Lezcano Montalvo 2024"]
[Site "Gran Canaria"]
[Date "2024.03.24"]
[Round "2.10"]
[White "Sanz Wawer, Daniel"]
[Black "Pleschke, Julius Jonas"]
[Result "1-0"]
[ECO "B15"]
[WhiteElo "2397"]
[BlackElo "1993"]
[Annotator "RC"]
[PlyCount "65"]
[EventDate "2024.03.23"]
[EventType "swiss"]
[EventCountry "ESP"]
[SourceTitle "playchess.com"]
[Source "ChessBase"]
[SourceQuality "1"]
[TimeControl "5400+30"]

1. e4 c6 2. d4 d5 3. Nc3 dxe4 4. Nxe4 Nf6 5. Nxf6+ exf6 6. c3 Bd6 7. Bd3 O-O 8. Qc2 Re8+ 9. Ne2 h5 10. Be3 Nd7 11. O-O-O Nf8 12. Kb1 g6 13. c4 Qc7 14. Nc3 f5 15. g3 Bd7 16. Rhe1 Rac8 17. Qd2 Be6 18. d5 cxd5 19. Nb5 Qd7 20. cxd5 Bxd5 21. Be2 Re5 22. Nc3 Rxc3 23. Qxc3 Qe6 24. b3 Be4+ 25. Ka1 Rd5 26. Rxd5 Bxd5 27. Bxa7 Bc6 28. Bc4 Qd7 29. Qf6 Nh7 30. Qxg6+ Kf8 31. Qh6+ Kg8 32. Bd4 Bf8 33. Qg6+ 1-0